 Dungeon Crawl Stone Soup version 0.28.0-62-gf88900778d (webtiles) character file.

Game seed: 9511151555426392070

1657 cbfl8 the Cleaver (level 8, -8/70 HPs)
             Began as a Minotaur Fighter on Aug 31, 2023.
             Was an Initiate of Hepliaklqana.
             Mangled by an unseen horror (9 damage)
             ... on level 7 of the Dungeon.
             The game lasted 00:04:51 (8021 turns).

cbfl8 the Cleaver (Minotaur Fighter)                Turns: 8021, Time: 00:04:51

Health: -8/70      AC: 17    Str: 22    XL:     8   Next: 68%
Magic:  7/7        EV:  6    Int:  5    God:    Hepliaklqana [......]
Gold:   439        SH:  5    Dex: 11    Spells: 7/7 levels left

rFire   . . .      SeeInvis .   a - +0 war axe
rCold   + . .      Faith    .   c - +0 buckler
rNeg    . . .      Spirit   .   x - +0 plate armour
rPois   +          Reflect  .   (helmet restricted)
rElec   .          Harm     .   p - +2 cloak {rPois}
rCorr   +          Rampage  .   (no gloves)
Will    .....                   j - +0 pair of boots
Stlth   ..........              (no amulet)
HPRegen 0.21/turn               r - ring of resist corrosion
MPRegen 0.10/turn               s - ring of protection from cold

@: on berserk cooldown, slowed, invisible, very slow
A: horns 2, retaliatory headbutt
a: Renounce Religion


You were on level 7 of the Dungeon.
You worshipped Hepliaklqana.
Hepliaklqana was noncommittal.
You visited 2 branches of the dungeon, and saw 8 of its levels.

You collected 439 gold pieces.

Inventory:

Hand Weapons
 a - a +0 war axe (weapon)
Missiles
 q - 2 throwing nets (quivered)
Armour
 c - a +0 buckler (worn)
 j - a +0 pair of boots (worn)
 p - a +2 cloak of poison resistance (worn)
 x - a +0 plate armour (worn)
Jewellery
 r - a ring of resist corrosion (left hand)
 s - a ring of protection from cold (right hand)
Wands
 v - a wand of polymorph (6)
 w - a wand of mindburst (11)
Scrolls
 b - a scroll of noise
 f - 3 scrolls of teleportation
 h - 3 scrolls of magic mapping
 k - 2 scrolls of enchant weapon
 m - a scroll of fear
 o - a scroll of enchant armour
Potions
 d - 3 potions of might
 e - a potion of invisibility
 i - a potion of magic
 l - a potion of berserk rage
 n - 2 potions of lignification {unknown}
 t - 2 potions of degeneration {unknown}


   Skills:
 + Level 6.3 Fighting
 + Level 8.9 Axes
 + Level 6.3 Armour
 + Level 5.0 Shields
 * Level 4.3 Evocations


You had 7 spell levels left.
You didn't know any spells.
Your spell library contained the following spells:

 Spells                   Type           Power      Damage    Failure   Level
 Beastly Appendage        Tmut           0%         N/A       100%        1
 Wereblood                Tmut           0%         N/A       100%        2
 Call Canine Familiar     Summ           0%         N/A       100%        3
 Gell's Gravitas          Tloc           0%         N/A       100%        3
 Lesser Beckoning         Tloc           0%         N/A       100%        3
 Portal Projectile        Hex/Tloc       0%         N/A       100%        3
 Spider Form              Tmut/Pois      0%         N/A       100%        3
 Teleport Other           Tloc           0%         N/A       100%        3
 Leda's Liquefaction      Hex/Erth       0%         N/A       100%        4
 Chain Lightning          Conj/Air       0%         N/A       100%        9
 Fire Storm               Conj/Fire      0%         5d1       100%        9
 Shatter                  Erth           0%         3d5*      100%        9


Dungeon Overview and Level Annotations

Branches:
Dungeon (7/15)             Temple (1/1) D:6

Altars:
Cheibriados
Dithmenos
Elyvilon
Fedhas
Gozag
Hepliaklqana
Kikubaaqudgha
Makhleb
Okawaru
Ru
Sif Muna
Uskayaw
Vehumet
Wu Jian
Xom
Yredelemnul
Zin

Shops:
D:2 :   D:3 :


Innate Abilities, Weirdness & Mutations

You have a pair of horns on your head.
You reflexively headbutt those who attack you in melee.


Message History

Something hits you but does no damage. You block something's attack.
You hit something. Something hits you but does no damage.
Something hits you but does no damage. Something hits you!
You barely miss something. Something hits you.
* * * LOW HITPOINT WARNING * * *
Something hits you but does no damage.
Things that are here:
a +0 dagger; a kobold corpse Something hits you but does no damage.
You hit something. Something hits you but does no damage.
You barely miss something. Something hits you but does no damage.
Something hits you.
* * * LOW HITPOINT WARNING * * *
Something hits you.
* * * LOW HITPOINT WARNING * * *
You hit something but do no damage.
Something hits you but does no damage. x2
You hit something. Your headbutt misses something. Something hits you!
* * * LOW HITPOINT WARNING * * *
Something hits you.
* * * LOW HITPOINT WARNING * * *
It was a potion of invisibility.
You fade into invisibility!
Something hits you but does no damage.
It was a potion of magic.
Magic courses through your body.
Something hits you but does no damage. x2
It was a potion of berserk rage.
A red film seems to cover your vision as you go berserk!
You feel yourself moving faster!
You feel mighty! Something hits you but does no damage.
You are too berserk!
You feel a strong urge to attack something.
Something hits you but does no damage. Something hits you.
* * * LOW HITPOINT WARNING * * *
You feel your anger nearly subside. Something hits you but does no damage.
You are no longer berserk.
You are exhausted.
You feel yourself slow down. Something hits you!
You die...

#).>......# #.##
#.#.......# #..#
#.#.......# ##'####
..###.....###.....#
..<.........+#.._..#
...o#######.###.[...#
... ######.# #######
#.....)####:::#
#.......@######
#.....##.# .'.....
#.......# ##.....
#.......# #.####
#.......# .(.
#.......# ##
#########


There were no monsters in sight!

Vanquished Creatures
  2 water moccasins
  An ice beast (D:7)
  A black bear (D:4)
  2 necrophages
  An ogre (D:4)
  A kobold brigand (D:7)
  2 bullfrogs (D:7)
  2 scorpions
  A bullfrog zombie (D:7)
  A hound (D:5)
  A jelly (D:5)
  3 orc priests
  Crazy Yiuf (D:5)
  A centaur skeleton (D:5)
  An iguana (D:4)
  2 scorpion zombies (D:5)
  3 orc wizards
  2 howler monkey zombies
  7 gnolls
  9 adders
  An adder skeleton (D:5)
  A worm (D:4)
  A dart slug (D:1)
  23 orcs
  5 bats
  9 endoplasms
  A giant cockroach (D:1)
  4 goblins
  9 hobgoblins
  15 kobolds
  3 quokkas (D:4)
  6 ball pythons
  3 frilled lizards
  5 rats
130 creatures vanquished.

Vanquished Creatures (others)
  4 fungi (D:5)
4 creatures vanquished.

Grand Total: 134 creatures vanquished

Notes
Turn   | Place    | Note
-------+----------+-------------------------------------------
     0 | D:1      | cbfl8 the Minotaur Fighter began the quest for the Orb.
     0 | D:1      | Reached XP level 1. HP: 19/19 MP: 0/0
   265 | D:1      | Reached XP level 2. HP: 27/27 MP: 1/1
  1104 | D:2      | Found Buomu's Book Emporium.
  1316 | D:2      | Reached XP level 3. HP: 27/33 MP: 2/2
  1317 | D:2      | Reached skill level 3 in Axes
  1317 | D:2      | Reached skill level 1 in Evocations
  1796 | D:2      | Found a faded altar of an unknown god.
  1978 | D:2      | Reached XP level 4. HP: 40/40 MP: 3/3
  2467 | D:3      | Found Buducwumn's Book Emporium.
  2614 | D:3      | Reached skill level 4 in Axes
  2614 | D:3      | Reached XP level 5. HP: 41/46 MP: 4/4
  3197 | D:4      | Noticed an ogre
  3208 | D:4      | Killed an ogre
  3209 | D:4      | Reached skill level 5 in Axes
  3209 | D:4      | Reached XP level 6. HP: 30/53 MP: 5/5
  4165 | D:5      | Entered Level 5 of the Dungeon
  4172 | D:5      | Reached skill level 5 in Armour
  4516 | D:5      | Reached skill level 5 in Fighting
  4516 | D:5      | Reached skill level 6 in Axes
  4516 | D:5      | Reached XP level 7. HP: 20/61 MP: 6/6
  4920 | D:5      | Found a sacrificial altar of Ru.
  5582 | D:5      | Reached skill level 7 in Axes
  5922 | D:5      | Found a runed translucent door.
  5923 | D:5      | Noticed Crazy Yiuf
  6130 | D:5      | Killed Crazy Yiuf
  6275 | D:6      | Found a staircase to the Ecumenical Temple.
  6383 | Temple   | Entered the Ecumenical Temple
  6550 | Temple   | Became a worshipper of Hepliaklqana the Forgotten
  6876 | D:6      | Reached XP level 8. HP: 69/69 MP: 7/7
  6899 | D:6      | Found a shadowy altar of Dithmenos.
  7224 | D:7      | Reached skill level 8 in Axes
  7458 | D:6      | Reached skill level 5 in Shields
  7956 | D:7      | Found a shimmering blue altar of Sif Muna.
  8014 | D:7      | HP: 3/70 [something (4)]
  8019 | D:7      | HP: 2/105 [something (4)]
  8021 | D:7      | Mangled by an unseen horror

Illustrated notes

Levels and vault maps discovered:
D:1:      zaba_arrival_water, layout_loops_corners
D:2:      layout_basic, serial_shops, nicolae_shop_hallway_plus,
          hellmonk_ecumenical_altar_arch_garden
D:3:      layout_basic, serial_shops, shop
D:4:      layout_basic, grunt_ministairs_4
D:5:      layout_basic, mainiacjoe_overflow_boulevard, uniq_crazy_yiuf_cottage
D:6:      layout_cave_pods, mainiacjoe_overflow_alcove_1,
          minmay_temple_entry_glass
D:7:      layout_basic, nicolae_sif_muna_little_library
Temple:   regret_index_temple_generic_petals

Skill      XL: |  1  2  3  4  5  6  7  8 |
---------------+-------------------------+-----
Fighting       | 4 5 6 |  6.3
Armour         | 4 5 6 |  6.3
Shields        | 4 5 |  5.0
Axes           | 3 4 5 6 7 8 |  8.9
Evocations     | 1 2 3 4 |  4.3

Action                   |  1- 3 |  4- 6 |  7- 9 || total
-------------------------+-------+-------+-------++-------
Melee: War axe           |    70 |   112 |   119 ||   301
       Headbutt          |     9 |    18 |    15 ||    42
  Use: Scroll            |     2 |     3 |     3 ||     8
       Potion            |       |       |     7 ||     7
Armor: Scale mail        |    30 |    35 |       ||    65
       Chain mail        |       |    24 |    55 ||    79
       Plate armour      |       |       |    73 ||    73
Dodge: Dodged            |    38 |    60 |    37 ||   135
Block: Buckler           |    16 |    33 |    29 ||    78
